 Dungeon Crawl Stone Soup version 0.27.0-1-g7a089689b8 (webtiles) character file.

Game seed: 6544467948720716027

59 ZARRMARR the Conjurer (level 3, -2/26 HPs)
             Began as a Draconian Conjurer on Aug 2, 2021.
             Slain by Robin (6 damage)
             ... on level 2 of the Dungeon.
             The game lasted 00:15:20 (2636 turns).

ZARRMARR the Conjurer (Draconian Conjurer)          Turns: 2636, Time: 00:15:21

Health: -2/26      AC:  8    Str:  9    XL:     3   Next: 78%
Magic:  1/6        EV: 12    Int: 21    God:
Gold:   52         SH:  0    Dex:  9    Spells: 5/6 levels left

rFire    . . .     SeeInvis +   b - +0 dagger
rCold    . . .     Faith    .   (no shield)
rNeg     . . .     Spirit   .   (armour unavailable)
rPois    .         Reflect  .   g - +3 crown of Dyrovepreva {rElec Int+2 SInv}
rElec    +         Harm     .   (no cloak)
rCorr    .         Rampage  .   (no gloves)
Will     .....                  (no boots)
Stlth    ++........             (no amulet)
HPRegen  0.08/turn              c - ring of wizardry
MPRegen  0.10/turn              (no ring)

@: no status effects
A: AC +5, unfitting armour, cold-blooded
a: no special abilities


You were on level 2 of the Dungeon.
You visited 1 branch of the dungeon, and saw 2 of its levels.

You collected 52 gold pieces.

Inventory:

Hand Weapons
 b - a +0 dagger (weapon)
 h - a +0 broad axe of electrocution
Missiles
 a - 49 stones (quivered)
 k - 9 poisoned darts
Armour
 g - the +3 crown of Dyrovepreva (worn) {rElec Int+2 SInv}
   (You acquired it on level 1 of the Dungeon)

   Int:       It affects your intelligence (+2).
   rElec:     It insulates you from electricity.
   SInv:      It lets you see invisible.
Jewellery
 c - a ring of wizardry (left hand)
Scrolls
 i - a scroll of enchant armour {unknown}
Potions
 d - a potion of attraction {unknown}
 e - a potion of invisibility {unknown}
 f - a potion of flight {unknown}
 j - 2 potions of magic {unknown}


   Skills:
 + Level 0.4 Short Blades
 + Level 0.7 Throwing
 + Level 2.1 Dodging
 + Level 1.9 Stealth
 + Level 2.4 Spellcasting
 + Level 4.7 Conjurations


You had 5 spell levels left.
You knew the following spells:

 Your Spells              Type           Power      Damage    Failure   Level
a - Magic Dart            Conj           88%        1d7       1%          1

Your spell library contained the following spells:

 Spells                   Type           Power      Damage    Failure   Level
 Searing Ray              Conj           44%        3d4       1%          2
 Dazzling Flash           Conj/Hex       24%        N/A       6%          3
 Fulminant Prism          Conj/Hex       6%         3d7       21%         4
 Iskenderun's Mystic Bla  Conj/Tloc      12%        2d5       21%         4
 Freezing Cloud           Conj/Ice/Air   4%         6-21      58%         5
 Simulacrum               Ice/Necr       1%         N/A       100%        6
 Polar Vortex             Ice            1%         N/A       100%        9


Dungeon Overview and Level Annotations

Branches:
Dungeon (2/15)

Altars:

Annotations:
D:2 Robin


Innate Abilities, Weirdness & Mutations

Your plain brown scales are hard. (AC +5)
You cannot fit into any form of body armour.
You are cold-blooded and may be slowed by cold attacks.


Message History

Casting: Magic Dart (safe; 1% risk of failure)
Confirm with . or Enter, or press ? or * to list all spells.
You don't have enough magic to cast this spell.
Unknown command.
Robin completely misses you.
You barely miss Robin.
Robin is moderately wounded.
Robin hits you with a +0 trident.
You hit Robin but do no damage.
Robin is moderately wounded.
Robin hits you with a +0 trident.
You hit Robin but do no damage. You tail-slap Robin.
Robin is heavily wounded.
Robin hits you but does no damage.
You hit Robin but do no damage. You tail-slap Robin.
Robin is heavily wounded.
Robin barely misses you.
You hit Robin but do no damage.
Robin is heavily wounded.
Robin hits you but does no damage.
You closely miss Robin.
Robin is heavily wounded.
Robin hits you with a +0 trident.
You hit Robin but do no damage.
Robin is heavily wounded.
Robin hits you with a +0 trident.
You closely miss Robin.
Robin is heavily wounded.
Robin misses you.
You barely miss Robin.
Robin is heavily wounded.
Robin hits you but does no damage.
You closely miss Robin.
Robin is heavily wounded.
Robin hits you with a +0 trident!
* * * LOW HITPOINT WARNING * * *
You hit Robin.
Robin is severely wounded.
Robin hits you with a +0 trident.
You die...

....!#
#.....#
##.....###
#..>.....#
#........#
#........#
#........#
#<>......#
#.@......#
#..g.....#
.....)....#
#.....#...##
#....##...#
#....# ..#
#....# .#
#...## ..


You could see Robin.

Vanquished Creatures
  An adder (D:2)
  A dart slug (D:1)
  A ball python (D:1)
  3 giant cockroaches
  14 goblins
  9 hobgoblins
  5 bats
  A frilled lizard (D:1)
  2 kobolds (D:1)
  3 rats
40 creatures vanquished.

Notes
Turn   | Place    | Note
-------+----------+-------------------------------------------
     0 | D:1      | ZARRMARR the Draconian Conjurer began the quest for the
                  | Orb.
     0 | D:1      | Reached XP level 1. HP: 14/14 MP: 3/3
   226 | D:1      | Reached XP level 2. HP: 20/20 MP: 1/5
  1508 | D:1      | Identified a scroll of acquirement
  1508 | D:1      | Acquired the +3 crown of Dyrovepreva {rElec Int+2 SInv}
  1509 | D:1      | Found the +3 crown of Dyrovepreva {rElec Int+2 SInv}
  1569 | D:2      | Reached XP level 3. HP: 25/26 MP: 6/6
  1961 | D:2      | Noticed Robin
  2636 | D:2      | Slain by Robin

Illustrated notes

Levels and vault maps discovered:
D:1:      dpeg_arrival_pond, layout_basic
D:2:      layout_basic, hellmonk_ecumenical_altar_crossroads, minivault_19,
          uniq_robin

Skill      XL: |  1  2 |
---------------+-------+-----
Dodging        | 2 |  2.1
Short Blades   | |  0.4
Throwing       | |  0.7
Stealth        | |  1.9
Spellcasting   | |  2.4
Conjurations   | |  4.7

Action                   || total
-------------------------++-------
Melee: Dagger            ||    59
       Tailslap          ||     7
Throw: Stone             ||    10
 Cast: Magic Dart        ||    75
  Use: Scroll            ||     1
Armor: Skin              ||    37
Dodge: Dodged            ||    67
